[Event "GER-ch Youth U12 2019"]
[Site "Willingen"]
[Date "2019.06.09"]
[Round "2.11"]
[White "Malchereck, Zion"]
[Black "Ohler, Julius"]
[Result "0-1"]
[ECO "C02"]
[WhiteElo "1438"]
[BlackElo "1837"]
[Annotator "NA"]
[PlyCount "39"]
[EventDate "2019.06.07"]
[EventType "swiss"]
[EventRounds "9"]
[EventCountry "GER"]
[SourceTitle "playchess.com"]
[Source "ChessBase"]
[SourceQuality "1"]
[TimeControl "40/4500+30:900+30"]

1. e4 e6 2. d4 d5 3. e5 c5 4. c3 Nc6 5. Nf3 Qb6 6. a4 cxd4 7. cxd4 Nge7 8. Bb5 a6 9. Bxc6+ Nxc6 10. O-O Be7 11. Nc3 O-O 12. Be3 Qxb2 13. Bd2 Qb6 14. Rb1 Qc7 15. Qc2 f6 16. Ne2 f5 17. Ng3 Bd7 18. Rb2 Rfc8 19. Rfb1 Rab8 20. a5 {[%emt 0:03:19] normal} 0-1

[Event "GER-ch Youth U12 2019"]
[Site "Willingen"]
[Date "2019.06.09"]
[Round "2.12"]
[White "Rempe, Jonas"]
[Black "Tomasjan, Samuel"]
[Result "0-1"]
[ECO "C01"]
[WhiteElo "1781"]
[BlackElo "1476"]
[Annotator "NA"]
[PlyCount "61"]
[EventDate "2019.06.07"]
[EventType "swiss"]
[EventRounds "9"]
[EventCountry "GER"]
[SourceTitle "playchess.com"]
[Source "ChessBase"]
[SourceQuality "1"]
[TimeControl "40/4500+30:900+30"]

1. e4 e6 2. d4 d5 3. exd5 exd5 4. Nf3 Nf6 5. Bd3 Bd6 6. O-O O-O 7. h3 Be6 8. Bg5 Nbd7 9. c3 c6 10. Qc2 h6 11. Bh4 Qc7 12. Bxf6 Nxf6 13. Nbd2 Qd7 14. Rae1 Nh5 15. Ne5 Bxe5 16. Rxe5 Nf4 17. Re3 Rae8 18. Rfe1 f5 19. Nf3 Ng6 20. Ne5 Nxe5 21. Rxe5 f4 22. Kh2 f3 23. g3 Bxh3 24. Rxe8 Rxe8 25. Bf5 Bxf5 26. Rxe8+ Qxe8 27. Qxf5 Qf7 28. Qe5 Qg6 29. Qb8+ Kh7 30. Qc8 Qc2 31. Kg1 {[%emt 0:00:07] normal} 0-1

[Event "GER-ch Youth U12 2019"]
[Site "Willingen"]
[Date "2019.06.09"]
[Round "2.14"]
[White "Krueger, Arthur"]
[Black "Bakiev, Diyor"]
[Result "0-1"]
[ECO "B15"]
[WhiteElo "1613"]
[BlackElo "2123"]
[Annotator "NA"]
[PlyCount "68"]
[EventDate "2019.06.07"]
[EventType "swiss"]
[EventRounds "9"]
[EventCountry "GER"]
[SourceTitle "playchess.com"]
[Source "ChessBase"]
[SourceQuality "1"]
[TimeControl "40/4500+30:900+30"]

1. e4 c6 2. d4 d5 3. Nc3 dxe4 4. Nxe4 Nf6 5. Nxf6+ exf6 6. Nf3 Bd6 7. Bc4 O-O 8. O-O Bg4 9. h3 Bh5 10. c3 Re8 11. Be3 Nd7 12. Re1 Nb6 13. Bb3 Nd5 14. Bxd5 cxd5 15. g4 Bg6 16. Nh4 Bc7 17. Nxg6 hxg6 18. Qf3 Qd6 19. Bd2 Re4 20. b3 f5 21. Rxe4 fxe4 22. Qg2 f5 23. Re1 f4 24. Qh2 Qf6 25. Rf1 Rc8 26. Qh1 f3 27. h4 Kf7 28. Qh3 Rh8 29. g5 Qf5 30. Qxf5+ gxf5 31. c4 Rxh4 32. cxd5 Bh2+ 33. Kh1 Bf4+ 34. Kg1 Bxd2 {[%emt 0:00:08] normal} 0-1

[Event "GER-ch Youth U12 2019"]
[Site "Willingen"]
[Date "2019.06.10"]
[Round "3.1"]
[White "Sosa Costa, Leonardo"]
[Black "Guo, Philipp Ziming"]
[Result "1-0"]
[ECO "B33"]
[WhiteElo "1945"]
[BlackElo "1674"]
[Annotator "NA"]
[PlyCount "73"]
[EventDate "2019.06.07"]
[EventType "swiss"]
[EventRounds "9"]
[EventCountry "GER"]
[SourceTitle "playchess.com"]
[Source "ChessBase"]
[SourceQuality "1"]
[TimeControl "40/4500+30:900+30"]

1. e4 c5 2. Nf3 Nc6 3. d4 cxd4 4. Nxd4 Nf6 5. Nc3 e5 6. Ndb5 d6 7. Bg5 a6 8. Na3 b5 9. Nd5 Be7 10. Bxf6 Bxf6 11. c3 Bg5 12. Nc2 Be6 13. a4 bxa4 14. Rxa4 a5 15. Bb5 Bd7 16. Nce3 Bxe3 17. Nxe3 Qb8 18. Qd5 Ne7 19. Bxd7+ Kxd7 20. Qa2 Qb5 21. Nc4 Nc6 22. O-O Ke7 23. Rd1 Rhd8 24. Rd5 Qb7 25. h3 Rab8 26. Qa3 Qb3 27. Nxe5 Nxe5 28. Rxe5+ Kd7 29. Rd5 Qxa3 30. bxa3 Rb3 31. c4 Rc3 32. e5 Ke7 33. Raxa5 Rxc4 34. exd6+ Ke6 35. Re5+ Kf6 36. Rf5+ Kg6 37. Rfd5 {[%emt 0:02:34] normal} 1-0

[Event "GER-ch Youth U12 2019"]
[Site "Willingen"]
[Date "2019.06.10"]
[Round "3.2"]
[White "Foerster-Yialamas, Lucas"]
[Black "Mueller, Maximilian"]
[Result "1-0"]
[ECO "C10"]
[WhiteElo "1981"]
[BlackElo "1606"]
[Annotator "NA"]
[PlyCount "127"]
[EventDate "2019.06.07"]
[EventType "swiss"]
[EventRounds "9"]
[EventCountry "GER"]
[SourceTitle "playchess.com"]
[Source "ChessBase"]
[SourceQuality "1"]
[TimeControl "40/4500+30:900+30"]

1. e4 e6 2. d4 d5 3. Nc3 Nc6 4. exd5 exd5 5. Bf4 a6 6. Nf3 Nge7 7. Be2 Ng6 8. Bg3 Bf5 9. a3 Be7 10. O-O O-O 11. Re1 Qd7 12. Qd2 Rfe8 13. Bd3 Bxd3 14. Qxd3 Bf8 15. h4 Rxe1+ 16. Rxe1 Bd6 17. Ne5 Bxe5 18. dxe5 Nce7 19. h5 Nf8 20. Bh4 c6 21. Bxe7 Qxe7 22. Qf5 Qe6 23. Qf4 Qe7 24. Qg4 Re8 25. f4 Qd7 26. Qxd7 Nxd7 27. g4 g6 28. hxg6 hxg6 29. Kf2 g5 30. Kg3 Kg7 31. Nb1 gxf4+ 32. Kxf4 Kg6 33. Nd2 f6 34. Nf3 fxe5+ 35. Nxe5+ Nxe5 36. Rxe5 Rf8+ 37. Rf5 Re8 38. Rg5+ Kf6 39. Rh5 Kg6 40. Re5 Rf8+ 41. Kg3 Rf7 42. Re3 Rg7 43. a4 Rf7 44. a5 Kg5 45. Re5+ Kg6 46. Re8 Rg7 47. Re6+ Kg5 48. Re5+ Kg6 49. Re8 Rf7 50. Rg8+ Kh7 51. Rg5 Kh6 52. Rf5 Re7 53. Kh4 Kg6 54. Rg5+ Kf6 55. Rg8 Rh7+ 56. Kg3 Rf7 57. Kf4 Re7 58. g5+ Kf7 59. Rh8 Kg7 60. Rh3 Kg6 61. Rh6+ Kg7 62. Rd6 Re4+ 63. Kf5 Re7 64. g6 {[%emt 0:01:02] normal} 1-0

[Event "GER-ch Youth U12 2019"]
[Site "Willingen"]
[Date "2019.06.10"]
[Round "3.3"]
[White "Kluehs, Gustaf"]
[Black "Heinrich, John"]
[Result "1-0"]
[ECO "A05"]
[WhiteElo "1705"]
[BlackElo "1695"]
[Annotator "NA"]
[PlyCount "37"]
[EventDate "2019.06.07"]
[EventType "swiss"]
[EventRounds "9"]
[EventCountry "GER"]
[SourceTitle "playchess.com"]
[Source "ChessBase"]
[SourceQuality "1"]
[TimeControl "40/4500+30:900+30"]

1. Nf3 Nf6 2. g3 d5 3. Bg2 e6 4. d3 Bd6 5. c4 c6 6. cxd5 exd5 7. O-O O-O 8. Nc3 Bg4 9. Qb3 Qc7 10. e4 dxe4 11. dxe4 Nbd7 12. Qc2 Bh5 13. Nh4 Ne8 14. Be3 f6 15. Rac1 Rc8 16. Nf5 Nb6 17. Ne2 Bf7 18. b3 Rd8 19. Ned4 {[%emt 0:03:48] normal} 1-0

[Event "GER-ch Youth U12 2019"]
[Site "Willingen"]
[Date "2019.06.10"]
[Round "3.4"]
[White "Ohler, Julius"]
[Black "Stork, Christopher"]
[Result "1/2-1/2"]
[ECO "A34"]
[WhiteElo "1837"]
[BlackElo "1817"]
[Annotator "NA"]
[PlyCount "36"]
[EventDate "2019.06.07"]
[EventType "swiss"]
[EventRounds "9"]
[EventCountry "GER"]
[SourceTitle "playchess.com"]
[Source "ChessBase"]
[SourceQuality "1"]
[TimeControl "40/4500+30:900+30"]

1. c4 Nf6 2. Nc3 c5 3. g3 d6 4. Bg2 g6 5. a3 Nc6 6. Rb1 a5 7. Nf3 Bg7 8. O-O O-O 9. Ne1 Bd7 10. Nc2 Rb8 11. d3 Ne8 12. Bd2 Nc7 13. b4 axb4 14. axb4 cxb4 15. Nxb4 Nxb4 16. Rxb4 Bc6 17. Qc2 Ne6 18. e3 Nc7 {[%emt 0:05:18] normal} 1/2-1/2

[Event "GER-ch Youth U12 2019"]
[Site "Willingen"]
[Date "2019.06.10"]
[Round "3.5"]
[White "Bungarten, Jona"]
[Black "Fuchs, Florian"]
[Result "1-0"]
[ECO "C05"]
[WhiteElo "1642"]
[BlackElo "2235"]
[Annotator "NA"]
[PlyCount "39"]
[EventDate "2019.06.07"]
[EventType "swiss"]
[EventRounds "9"]
[EventCountry "GER"]
[SourceTitle "playchess.com"]
[Source "ChessBase"]
[SourceQuality "1"]
[TimeControl "40/4500+30:900+30"]

1. e4 e6 2. d4 d5 3. Nd2 Nf6 4. e5 Nfd7 5. f4 c5 6. c3 Nc6 7. Ndf3 Qb6 8. g3 cxd4 9. cxd4 Bb4+ 10. Kf2 g5 11. Nxg5 Nxd4 12. Kg2 h6 13. N5f3 Nc6 14. a3 Be7 15. b4 a6 16. Ne2 Qa7 17. Ned4 Nxd4 18. Nxd4 b5 19. Be3 Qb7 20. Qg4 {[%emt 0:05:06] normal} 1-0

[Event "GER-ch Youth U12 2019"]
[Site "Willingen"]
[Date "2019.06.10"]
[Round "3.6"]
[White "Tomasjan, Samuel"]
[Black "Bakiev, Diyor"]
[Result "0-1"]
[ECO "B06"]
[WhiteElo "1476"]
[BlackElo "2123"]
[Annotator "NA"]
[PlyCount "36"]
[EventDate "2019.06.07"]
[EventType "swiss"]
[EventRounds "9"]
[EventCountry "GER"]
[SourceTitle "playchess.com"]
[Source "ChessBase"]
[SourceQuality "1"]
[TimeControl "40/4500+30:900+30"]

1. e4 g6 2. d4 Bg7 3. Nf3 c6 4. Be3 d5 5. exd5 cxd5 6. c4 Nf6 7. Nc3 O-O 8. Qd2 Nc6 9. cxd5 Nxd5 10. Bh6 Bf5 11. Bxg7 Kxg7 12. a3 Na5 13. Qd1 Rc8 14. Bd3 Nxc3 15. bxc3 Bg4 16. Rc1 Qd5 17. Be2 Nc4 18. Qb3 e5 {[%emt 0:20:18] normal} 0-1

[Event "GER-ch Youth U12 2019"]
[Site "Willingen"]
[Date "2019.06.10"]
[Round "3.7"]
[White "Freude, Max"]
[Black "Reichmann, Felix"]
[Result "1-0"]
[ECO "B00"]
[WhiteElo "1707"]
[BlackElo "1725"]
[Annotator "NA"]
[PlyCount "23"]
[EventDate "2019.06.07"]
[EventType "swiss"]
[EventRounds "9"]
[EventCountry "GER"]
[SourceTitle "playchess.com"]
[Source "ChessBase"]
[SourceQuality "1"]
[TimeControl "40/4500+30:900+30"]

1. e4 d6 2. d4 c6 3. Nc3 Nd7 4. f4 h6 5. Nf3 g5 6. Be3 Bg7 7. Be2 Nf8 8. O-O gxf4 9. Bxf4 Ne6 10. Be3 Nf6 11. Nh4 Qb6 12. Qd2 {[%emt 0:05:37] normal} 1-0

[Event "GER-ch Youth U12 2019"]
[Site "Willingen"]
[Date "2019.06.10"]
[Round "3.8"]
[White "Schreidl, Michael"]
[Black "Metzdorf, Matteo"]
[Result "1/2-1/2"]
[ECO "B42"]
[WhiteElo "1586"]
[BlackElo "1859"]
[Annotator "NA"]
[PlyCount "36"]
[EventDate "2019.06.07"]
[EventType "swiss"]
[EventRounds "9"]
[EventCountry "GER"]
[SourceTitle "playchess.com"]
[Source "ChessBase"]
[SourceQuality "1"]
[TimeControl "40/4500+30:900+30"]

1. e4 c5 2. Nf3 e6 3. d4 cxd4 4. Nxd4 a6 5. Bd3 Qc7 6. Be3 Nc6 7. Nc3 Nf6 8. O-O h5 9. h3 b5 10. Qe2 Bb7 11. f4 b4 12. Na4 Nxd4 13. Bxd4 Qc6 14. Nb6 Bc5 15. Bxc5 Qxc5+ 16. Qf2 Qxf2+ 17. Rxf2 Rb8 18. Nc4 Ke7 {[%emt 0:03:23] normal} 1/2-1/2

[Event "GER-ch Youth U12 2019"]
[Site "Willingen"]
[Date "2019.06.10"]
[Round "3.9"]
[White "Schwartz, Oliver"]
[Black "Deuer, Marius"]
[Result "1/2-1/2"]
[ECO "B38"]
[WhiteElo "1616"]
[BlackElo "1961"]
[Annotator "NA"]
[PlyCount "55"]
[EventDate "2019.06.07"]
[EventType "swiss"]
[EventRounds "9"]
[EventCountry "GER"]
[SourceTitle "playchess.com"]
[Source "ChessBase"]
[SourceQuality "1"]
[TimeControl "40/4500+30:900+30"]

1. e4 c5 2. Nf3 Nc6 3. d4 cxd4 4. Nxd4 g6 5. c4 Bg7 6. Be3 Nf6 7. Nc3 d6 8. Be2 O-O 9. O-O Nxd4 10. Bxd4 Bd7 11. Qd2 Bc6 12. f3 a5 13. b3 Nd7 14. Be3 Nc5 15. Rab1 Qb6 16. Rfc1 Qb4 17. Rc2 Rfc8 18. Qc1 Qb6 19. a3 Qd8 20. Nd5 e6 21. Nc3 a4 22. b4 Nb3 23. Qd1 e5 24. Qd3 Nd4 25. Rd2 b6 26. Bf1 Bd7 27. Ne2 Be6 28. Bxd4 {[%emt 0:08:28] normal} 1/2-1/2

[Event "GER-ch Youth U12 2019"]
[Site "Willingen"]
[Date "2019.06.10"]
[Round "3.10"]
[White "Fuhrmann, Bahne"]
[Black "Hagner, Bennet"]
[Result "0-1"]
[ECO "D45"]
[WhiteElo "1659"]
[BlackElo "1900"]
[Annotator "NA"]
[PlyCount "53"]
[EventDate "2019.06.07"]
[EventType "swiss"]
[EventRounds "9"]
[EventCountry "GER"]
[SourceTitle "playchess.com"]
[Source "ChessBase"]
[SourceQuality "1"]
[TimeControl "40/4500+30:900+30"]

1. Nf3 d5 2. d4 Nf6 3. c4 c6 4. e3 e6 5. Nc3 Bd6 6. b3 O-O 7. Bb2 Nbd7 8. Ne2 Ne4 9. c5 Bc7 10. Nc3 Ba5 11. Qc2 e5 12. O-O-O Nxc3 13. Bxc3 Bxc3 14. Qxc3 e4 15. Nd2 Qc7 16. f3 f5 17. fxe4 fxe4 18. Be2 Rf2 19. Bf1 a5 20. a3 b6 21. Bc4 dxc4 22. Nxe4 Rxg2 23. Qxc4+ Kh8 24. Nd6 h6 25. Nf7+ Kh7 26. Qd3+ g6 27. Rdg1 {[%emt 0:03:48] normal} 0-1

[Event "GER-ch Youth U12 2019"]
[Site "Willingen"]
[Date "2019.06.10"]
[Round "3.11"]
[White "Hecht, Jonas Christian"]
[Black "Bolz, Jannis"]
[Result "1/2-1/2"]
[ECO "C45"]
[WhiteElo "1726"]
[BlackElo "1618"]
[Annotator "NA"]
[PlyCount "78"]
[EventDate "2019.06.07"]
[EventType "swiss"]
[EventRounds "9"]
[EventCountry "GER"]
[SourceTitle "playchess.com"]
[Source "ChessBase"]
[SourceQuality "1"]
[TimeControl "40/4500+30:900+30"]

1. e4 e5 2. Nf3 Nc6 3. d4 exd4 4. Nxd4 Bc5 5. Nxc6 Qf6 6. Qf3 bxc6 7. Bc4 d6 8. Nc3 Qxf3 9. gxf3 Ne7 10. Ke2 O-O 11. Rg1 Bb7 12. Bg5 Ng6 13. Rg2 Kh8 14. Rag1 Ne5 15. Bb3 Ba6+ 16. Kd1 Nxf3 17. Rh1 Nxg5 18. Rxg5 Bxf2 19. Ba4 Bb7 20. Rf1 Bh4 21. Rgf5 Bf6 22. Ne2 Rab8 23. c3 Ba6 24. Bb3 Bxe2+ 25. Kxe2 Rbe8 26. Ra5 Rxe4+ 27. Kd3 Re7 28. Rxa7 Be5 29. Rxf7 Rexf7 30. Bxf7 d5 31. a4 g5 32. a5 Rxf7 33. Ra8+ Kg7 34. a6 Rf1 35. Re8 Ra1 36. Rxe5 Kf6 37. Re8 Rxa6 38. Rh8 Kg7 39. Rc8 Ra7 {[%emt 0:00:09] normal} 1/2-1/2

[Event "GER-ch Youth U12 2019"]
[Site "Willingen"]
[Date "2019.06.10"]
[Round "3.12"]
[White "Gerdes, Jannes"]
[Black "Kempe, Caius Emilian"]
[Result "1/2-1/2"]
[ECO "B76"]
[WhiteElo "1517"]
[BlackElo "1766"]
[Annotator "NA"]
[PlyCount "23"]
[EventDate "2019.06.07"]
[EventType "swiss"]
[EventRounds "9"]
[EventCountry "GER"]
[SourceTitle "playchess.com"]
[Source "ChessBase"]
[SourceQuality "1"]
[TimeControl "40/4500+30:900+30"]

1. e4 c5 2. Nf3 d6 3. d4 cxd4 4. Nxd4 Nf6 5. Nc3 g6 6. Be3 Bg7 7. f3 O-O 8. Qd2 Nc6 9. O-O-O Nxd4 10. Bxd4 Be6 11. Kb1 Qa5 12. Nd5 {[%emt 0:00:00] normal} 1/2-1/2

[Event "GER-ch Youth U12 2019"]
[Site "Willingen"]
[Date "2019.06.10"]
[Round "3.13"]
[White "Breitkopf-Lazar, Patrick-Robert"]
[Black "Fink, Moritz"]
[Result "1-0"]
[ECO "C50"]
[WhiteElo "1659"]
[BlackElo "1392"]
[Annotator "NA"]
[PlyCount "27"]
[EventDate "2019.06.07"]
[EventType "swiss"]
[EventRounds "9"]
[EventCountry "GER"]
[SourceTitle "playchess.com"]
[Source "ChessBase"]
[SourceQuality "1"]
[TimeControl "40/4500+30:900+30"]

1. e4 e5 2. Nf3 Nc6 3. Bc4 Bc5 4. O-O Nf6 5. d4 Bxd4 6. Nxd4 Nxd4 7. f4 d6 8. fxe5 dxe5 9. Bg5 Qd6 10. Na3 Qb6 11. Kh1 Qxb2 12. Rxf6 gxf6 13. Bxf6 Bg4 14. Qf1 {[%emt 0:14:59] normal} 1-0

[Event "GER-ch Youth U12 2019"]
[Site "Willingen"]
[Date "2019.06.10"]
[Round "3.14"]
[White "Weyerer, Noah"]
[Black "Rempe, Jonas"]
[Result "1/2-1/2"]
[ECO "A45"]
[WhiteElo "1320"]
[BlackElo "1781"]
[Annotator "NA"]
[PlyCount "90"]
[EventDate "2019.06.07"]
[EventType "swiss"]
[EventRounds "9"]
[EventCountry "GER"]
[SourceTitle "playchess.com"]
[Source "ChessBase"]
[SourceQuality "1"]
[TimeControl "40/4500+30:900+30"]

1. d4 Nf6 2. Bf4 d5 3. e3 c5 4. c3 Nc6 5. Nd2 g6 6. Bd3 Bg7 7. Ngf3 O-O 8. O-O Nd7 9. Bb5 Qb6 10. Bxc6 bxc6 11. Qb3 Ba6 12. Rfe1 f5 13. Rad1 Rae8 14. h3 h6 15. Bh2 Kh7 16. Qc2 c4 17. b3 cxb3 18. axb3 c5 19. Ra1 Bb7 20. Reb1 Rc8 21. Qb2 cxd4 22. exd4 g5 23. b4 g4 24. hxg4 fxg4 25. Nh4 Qf6 26. Bg3 e5 27. Rxa7 Qb6 28. Qc2+ Kg8 29. Rxb7 Qxb7 30. Qg6 Qc6 31. Qxg4 Nf6 32. Qg6 Ne4 33. Qxc6 Rxc6 34. Nxe4 dxe4 35. Bxe5 Bxe5 36. dxe5 Rxc3 37. b5 Rb8 38. Nf5 Kf7 39. Nxh6+ Ke6 40. Ng4 Kf5 41. Nf6 Rb7 42. Nd5 Rc5 43. Ne3+ Kxe5 44. b6 Rc6 45. Kh2 Kf4 {[%emt 0:01:25] normal} 1/2-1/2

[Event "GER-ch Youth U12 2019"]
[Site "Willingen"]
[Date "2019.06.10"]
[Round "3.15"]
[White "Brunner, Alexander"]
[Black "von Mettenheim, Johannes"]
[Result "0-1"]
[ECO "A45"]
[WhiteElo "1991"]
[BlackElo "1757"]
[Annotator "NA"]
[PlyCount "34"]
[EventDate "2019.06.07"]
[EventType "swiss"]
[EventRounds "9"]
[EventCountry "GER"]
[SourceTitle "playchess.com"]
[Source "ChessBase"]
[SourceQuality "1"]
[TimeControl "40/4500+30:900+30"]

1. d4 Nf6 2. Nc3 d5 3. Bf4 c5 4. e3 cxd4 5. Nb5 Na6 6. exd4 Bf5 7. c3 e6 8. Qa4 Nd7 9. Nf3 Be7 10. Nd6+ Bxd6 11. Bxd6 Qb6 12. Ba3 f6 13. Bb5 Nab8 14. Bc5 Qc7 15. O-O Nc6 16. Ba3 Kf7 17. Rac1 a6 {[%emt 0:00:49] normal} 0-1

[Event "GER-ch Youth U12 2019"]
[Site "Willingen"]
[Date "2019.06.11"]
[Round "4.1"]
[White "Kluehs, Gustaf"]
[Black "Sosa Costa, Leonardo"]
[Result "1-0"]
[ECO "A05"]
[WhiteElo "1705"]
[BlackElo "1945"]
[Annotator "NA"]
[PlyCount "57"]
[EventDate "2019.06.07"]
[EventType "swiss"]
[EventRounds "9"]
[EventCountry "GER"]
[SourceTitle "playchess.com"]
[Source "ChessBase"]
[SourceQuality "1"]
[TimeControl "40/4500+30:900+30"]

1. Nf3 Nf6 2. g3 g6 3. Bg2 Bg7 4. O-O O-O 5. c4 d6 6. Nc3 c6 7. b3 e5 8. Bb2 Re8 9. Rc1 a5 10. d3 Na6 11. Nd2 d5 12. cxd5 cxd5 13. a3 Qd6 14. e4 d4 15. Nc4 Qd8 16. Nb5 Nd7 17. a4 b6 18. Ba3 Bf8 19. Bxf8 Rxf8 20. f4 f6 21. Bh3 exf4 22. Be6+ Kg7 23. Bd5 Rb8 24. Nxd4 Ne5 25. Nxe5 fxe5 26. Nc6 Qg5 27. Nxb8 Nxb8 28. Rc7+ Kh8 29. Qc1 {[%emt 0:01:17] normal} 1-0

[Event "GER-ch Youth U12 2019"]
[Site "Willingen"]
[Date "2019.06.11"]
[Round "4.2"]
[White "Bungarten, Jona"]
[Black "Foerster-Yialamas, Lucas"]
[Result "0-1"]
[ECO "B21"]
[WhiteElo "1642"]
[BlackElo "1981"]
[Annotator "NA"]
[PlyCount "114"]
[EventDate "2019.06.07"]
[EventType "swiss"]
[EventRounds "9"]
[EventCountry "GER"]
[SourceTitle "playchess.com"]
[Source "ChessBase"]
[SourceQuality "1"]
[TimeControl "40/4500+30:900+30"]

1. e4 c5 2. d4 cxd4 3. c3 dxc3 4. Nxc3 Nc6 5. Nf3 d6 6. Bc4 e6 7. O-O Be7 8. Bf4 e5 9. Be3 Nf6 10. h3 O-O 11. Qe2 Be6 12. Rfd1 Bxc4 13. Qxc4 Rc8 14. Qa4 Qa5 15. Qxa5 Nxa5 16. Bxa7 Nc4 17. Nd5 Nxd5 18. Rxd5 Ra8 19. Be3 Nxe3 20. fxe3 Ra4 21. Rb5 Rb8 22. b4 Ra3 23. Rc1 Rxa2 24. Rc7 Bf8 25. Kf1 Rb2 26. Rbxb7 Rxb4 27. Rxb8 Rxb8 28. Nd2 g6 29. Ke2 Kg7 30. Nc4 Kf6 31. Rc6 Ke6 32. g4 Rb1 33. Rc8 Be7 34. Rh8 d5 35. exd5+ Kxd5 36. Nd2 Rb2 37. Kd1 Bb4 38. Rd8+ Ke6 39. Ne4 f5 40. gxf5+ Kxf5 41. Ng3+ Ke6 42. Ne4 Be7 43. Re8 Rh2 44. Ke1 Kf7 45. Ra8 Rxh3 46. Kf2 h6 47. Ra5 Rh5 48. Kf3 Rf5+ 49. Kg3 h5 50. Ra7 h4+ 51. Kg4 Rh5 52. Kh3 Ke6 53. Ra6+ Kf5 54. Nf2 Rg5 55. Kh2 Rg3 56. e4+ Kf4 57. Ra1 Ke3 {[%emt 0:02:07] normal} 0-1

[Event "GER-ch Youth U12 2019"]
[Site "Willingen"]
[Date "2019.06.11"]
[Round "4.3"]
[White "Bakiev, Diyor"]
[Black "Ohler, Julius"]
[Result "1-0"]
[ECO "C02"]
[WhiteElo "2123"]
[BlackElo "1837"]
[Annotator "ChessBase"]
[PlyCount "35"]
[EventDate "2019.06.07"]
[EventType "swiss"]
[EventRounds "9"]
[EventCountry "GER"]
[SourceTitle "playchess.com"]
[Source "ChessBase"]
[SourceQuality "1"]
[TimeControl "40/4500+30:900+30"]

1. e4 e6 2. d4 d5 3. e5 c5 4. c3 Nc6 5. Nf3 Bd7 6. Be2 cxd4 7. cxd4 Qb6 8. O-O Nge7 9. Na3 Nf5 10. Nc2 Be7 11. Bd3 Nfxd4 12. Nfxd4 Nxd4 13. Be3 Bc5 14. b4 Nxc2 15. Bxc5 Qxc5 16. bxc5 Nxa1 17. Qxa1 O-O 18. Qb1 {[%emt 0:00:00] normal} 1-0

[Event "GER-ch Youth U12 2019"]
[Site "Willingen"]
[Date "2019.06.11"]
[Round "4.4"]
[White "Stork, Christopher"]
[Black "Freude, Max"]
[Result "1/2-1/2"]
[ECO "C42"]
[WhiteElo "1817"]
[BlackElo "1707"]
[Annotator "NA"]
[PlyCount "67"]
[EventDate "2019.06.07"]
[EventType "swiss"]
[EventRounds "9"]
[EventCountry "GER"]
[SourceTitle "playchess.com"]
[Source "ChessBase"]
[SourceQuality "1"]
[TimeControl "40/4500+30:900+30"]

1. e4 e5 2. Nf3 Nf6 3. Nc3 Bb4 4. Nxe5 O-O 5. Nd3 Bxc3 6. dxc3 Nxe4 7. Be2 d5 8. O-O b6 9. Be3 Bb7 10. Nf4 c5 11. f3 Nf6 12. Qd2 Qe7 13. Rfe1 Rd8 14. Rad1 Nc6 15. Bf2 Qd7 16. c4 dxc4 17. Qxd7 Rxd7 18. Rxd7 Nxd7 19. Bxc4 Nde5 20. Bd5 Rd8 21. Bh4 Rb8 22. Nh3 Ng6 23. Bg3 Rd8 24. c4 h6 25. f4 Ba8 26. f5 Nf8 27. b3 Nd4 28. Bxa8 Rxa8 29. f6 gxf6 30. Nf4 Nfe6 31. Nd5 f5 32. Be5 Kf8 33. Bd6+ Kg7 34. Re3 {normal} 1/2-1/2

[Event "GER-ch Youth U12 2019"]
[Site "Willingen"]
[Date "2019.06.11"]
[Round "4.5"]
[White "Hagner, Bennet"]
[Black "Schwartz, Oliver"]
[Result "1/2-1/2"]
[ECO "B35"]
[WhiteElo "1900"]
[BlackElo "1616"]
[Annotator "NA"]
[PlyCount "120"]
[EventDate "2019.06.07"]
[EventType "swiss"]
[EventRounds "9"]
[EventCountry "GER"]
[SourceTitle "playchess.com"]
[Source "ChessBase"]
[SourceQuality "1"]
[TimeControl "40/4500+30:900+30"]

1. e4 c5 2. Nf3 Nc6 3. d4 cxd4 4. Nxd4 g6 5. Nc3 Bg7 6. Be3 Nf6 7. Bc4 O-O 8. Bb3 d6 9. f3 Bd7 10. Qd2 Rc8 11. h4 Ne5 12. h5 Nc4 13. Bxc4 Rxc4 14. hxg6 fxg6 15. O-O-O a6 16. Kb1 b5 17. Nde2 Be6 18. e5 Ne8 19. exd6 Qxd6 20. Bh6 Qxd2 21. Rxd2 Nd6 22. Bxg7 Kxg7 23. Nd4 Bg8 24. Re1 Re8 25. Ne6+ Bxe6 26. Rxe6 Kf7 27. Rde2 a5 28. Kc1 Rc5 29. R6e5 Rxe5 30. Rxe5 Rb8 31. a4 b4 32. Nd5 Rb7 33. b3 Nf5 34. Kd2 Rd7 35. Ke2 e6 36. Nb6 Ra7 37. f4 Nd4+ 38. Kd3 Nc6 39. Rc5 Nd8 40. Nc4 Kf6 41. Rxa5 Rd7+ 42. Ke4 Nc6 43. Rc5 Ne7 44. a5 Nd5 45. Ne5 Rd6 46. Rc6 Nc3+ 47. Kf3 Rd1 48. a6 Rf1+ 49. Ke3 Nd5+ 50. Ke2 Ra1 51. g3 Kf5 52. Nf3 Nc3+ 53. Kd3 Kg4 54. Ng5 Kxg3 55. Nxh7 Kxf4 56. Rxe6 g5 57. Kc4 g4 58. Kxb4 Nd5+ 59. Kc5 Nc7 60. Rf6+ Ke3 {[%emt 0:00:00] normal} 1/2-1/2

[Event "GER-ch Youth U12 2019"]
[Site "Willingen"]
[Date "2019.06.11"]
[Round "4.6"]
[White "Metzdorf, Matteo"]
[Black "Mueller, Maximilian"]
[Result "1-0"]
[ECO "C10"]
[WhiteElo "1859"]
[BlackElo "1606"]
[Annotator "NA"]
[PlyCount "77"]
[EventDate "2019.06.07"]
[EventType "swiss"]
[EventRounds "9"]
[EventCountry "GER"]
[SourceTitle "playchess.com"]
[Source "ChessBase"]
[SourceQuality "1"]
[TimeControl "40/4500+30:900+30"]

1. e4 e6 2. d4 d5 3. Nc3 Nc6 4. Nf3 Nf6 5. e5 Ne4 6. Ne2 f6 7. Ng3 fxe5 8. Bb5 Bd6 9. Nxe4 dxe4 10. Nxe5 Bxe5 11. Bxc6+ bxc6 12. Qh5+ g6 13. Qxe5 O-O 14. Qxe4 Qd5 15. Qxd5 cxd5 16. Be3 Bd7 17. O-O-O a5 18. b3 a4 19. h4 Be8 20. f4 axb3 21. axb3 Ra1+ 22. Kb2 Rxd1 23. Rxd1 Bd7 24. Ra1 c6 25. Ra7 Be8 26. Bd2 Bf7 27. Rc7 Rb8 28. Rxc6 Kg7 29. Rc7 Kg8 30. Ba5 Rb5 31. Rc8+ Kg7 32. Bc7 Rb7 33. Be5+ Kh6 34. Rc7 Rxc7 35. Bxc7 Kg7 36. Ka3 Kf8 37. Kb4 Be8 38. Bd6+ Kf7 39. Bc5 {[%emt 0:00:00] normal} 1-0